 Dungeon Crawl Stone Soup version 0.28.0-53-g5a82cb258f (webtiles) character file.

Game seed: 4316088912800093149

120 Descartes the Firebug (level 5, -7/31 HPs)
             Began as an Octopode Wanderer on June 11, 2022.
             Killed from afar by Sigmund (11 damage)
             ... with a puff of flame
             ... on level 2 of the Dungeon.
             The game lasted 00:10:43 (2467 turns).

Descartes the Firebug (Octopode Wanderer)           Turns: 2467, Time: 00:10:44

Health: -7/31      AC:  1    Str: 11    XL:     5   Next: 4%
Magic:  4/8        EV: 11    Int: 20    God:
Gold:   87         SH:  4    Dex: 14    Spells: 5/8 levels left

rFire   . . .      SeeInvis .   l - +5 club
rCold   + . .      Faith    .   b - +0 buckler
rNeg    . . .      Spirit   .   (helmet restricted)
rPois   .          Reflect  .   (no amulet)
rElec   .          Harm     .   e - ring of protection from cold
rCorr   .          Rampage  .   g - +6 ring of intelligence
Will    .....                   (no ring)
Stlth   +++.......              (no ring)
HPRegen 0.10/turn               (no ring)
MPRegen 0.11/turn               (no ring)
                                (no ring)
                                (no ring)

@: very slightly contaminated
A: almost no armour, amphibious, 8 rings, camouflage 1, gelatinous body 1,
(nimble swimmer 1), tentacles
a: no special abilities


You were on level 2 of the Dungeon.
You visited 1 branch of the dungeon, and saw 2 of its levels.

You collected 87 gold pieces.

Inventory:

Hand Weapons
 a - a +0 dagger
 l - a +5 club (weapon)
Missiles
 f - 26 stones
 n - 17 bolts
Armour
 b - a +0 buckler (worn)
Jewellery
 e - a ring of protection from cold (left tentacle)
 g - a +6 ring of intelligence (right tentacle)
Scrolls
 c - a scroll of teleportation
 d - a scroll of fog {unknown}
 h - a scroll of immolation {unknown}
 j - a scroll of silence {unknown}
 k - a scroll of amnesia {unknown}
 m - a scroll of identify {unknown}
 o - a scroll of noise {unknown}
Potions
 i - 3 potions of haste {unknown}
 p - a potion of ambrosia {unknown}
 q - a potion of curing {unknown}


   Skills:
 - Level 1.0 Throwing
 - Level 1.3 Stealth
 * Level 2.8 Shields
 - Level 1.0 Unarmed Combat
 + Level 2.0 Spellcasting
 + Level 1.6 Conjurations
 + Level 4.4 Fire Magic
 + Level 0.9 Poison Magic
 - Level 1.1 Evocations


You had 5 spell levels left.
You knew the following spells:

 Your Spells              Type           Power      Damage    Failure   Level
a - Foxfire               Conj/Fire      56%        2x1d6     6%          1
b - Scorch                Fire           38%        2d6       4%          2

Your spell library contained the following spells:

 Spells                   Type           Power      Damage    Failure   Level
 Sticky Flame             Conj/Fire      14%        2d4       52%         4
 Olgreb's Toxic Radiance  Pois           5%         N/A       80%         4
 Ozocubu's Refrigeration  Ice            1%         4d5       100%        7
 Ignition                 Fire           9%         3d5       100%        8


Dungeon Overview and Level Annotations

Branches:
Dungeon (2/15)

Altars:

Annotations:
D:2 Sigmund


Innate Abilities, Weirdness & Mutations

You cannot wear most types of armour.
You are amphibious.
You can wear up to eight rings at the same time.
Your skin changes colour to match your surroundings (Stealth+).
Your rubbery body absorbs attacks. (AC +1, EV +1)
((You are camouflaged when in or above water. (Stealth+)))
You have tentacles for arms and can constrict up to eight enemies at once.


Message History

There is a stone staircase leading up here.
Sigmund barely misses you.
You climb upwards.
There is a stone staircase leading down here.
Magic restored.
HP restored.
Done exploring.
You climb downwards.
Level annotation: Sigmund
There is a stone staircase leading up here.
Casting: Foxfire (safe; 6% risk of failure)
Confirm with . or Enter, or press ? or * to list all spells.
You conjure some foxfire!
Casting: Foxfire (safe; 6% risk of failure)
Confirm with . or Enter, or press ? or * to list all spells.
You miscast Foxfire.
You are very lightly contaminated with residual magic.
Nothing appears to happen.
The foxfire hits Sigmund but does no damage.
The foxfire hits Sigmund.
Sigmund completely resists.
Sigmund zaps a wand.
The puff of flame hits you!
Casting: Foxfire (safe; 6% risk of failure)
Confirm with . or Enter, or press ? or * to list all spells.
You conjure some foxfire!
Sigmund casts a spell at you. The puff of flame hits you!
Casting: Foxfire (safe; 6% risk of failure)
Confirm with . or Enter, or press ? or * to list all spells.
You conjure some foxfire!
The foxfire hits Sigmund.
Sigmund resists.
Sigmund is lightly wounded.
The foxfire hits Sigmund but does no damage.
Sigmund is lightly wounded.
The foxfire hits Sigmund.
Sigmund resists.
Sigmund is lightly wounded.
The foxfire hits Sigmund but does no damage.
Sigmund is lightly wounded.
Sigmund hits you from afar with a +0 scythe!
* * * LOW HITPOINT WARNING * * *
Sigmund zaps a wand.
The puff of flame hits you!
You die...

#......... #.. #........ #..
#....... ##. ####.##..# ####.
#........### # #....
#......<...## #.###.#..
#.....@..#..###.....#..
#.......†##..#####..#..
#....§@§.###.#....÷....
#.....§..# #.....###...
#........# ###.#.# ##..
#........####..#.####..
#.........##..##.##....
#............###.##.#..
################.##..###....#..
##......## ###..###.#......###
#........#####....###...####.##.


You could see Sigmund.

Vanquished Creatures
  A hound skeleton (D:2)
  Robin (D:2)
  2 adders (D:2)
  2 worms (D:2)
  3 dart slugs (D:1)
  An orc (D:2)
  4 bats
  3 endoplasms
  3 giant cockroaches
  12 goblins
  6 hobgoblins
  5 kobolds
  2 quokkas
  8 ball pythons
  2 frilled lizards (D:2)
  11 rats
66 creatures vanquished.

Vanquished Creatures (others)
  192 foxfires
192 creatures vanquished.

Grand Total: 258 creatures vanquished

Notes
Turn   | Place    | Note
-------+----------+-------------------------------------------
     0 | D:1      | Descartes the Octopode Wanderer began the quest for the
                  | Orb.
     0 | D:1      | Descartes set off with the following items: a +0 dagger, a
                  | +0 buckler, a scroll of teleportation; and the following
                  | spell memorised: Foxfire; and the following spells
                  | available to memorise: Scorch, Sticky Flame
     0 | D:1      | Reached XP level 1. HP: 11/11 MP: 2/2
   229 | D:1      | Reached XP level 2. HP: 16/17 MP: 0/3
   725 | D:1      | Reached XP level 3. HP: 21/21 MP: 2/5
   782 | D:1      | Reached skill level 1 in Conjurations
  1428 | D:2      | Reached XP level 4. HP: 27/27 MP: 1/6
  1523 | D:2      | Learned a level 2 spell: Scorch
  1623 | D:2      | Noticed Robin
  1633 | D:2      | Killed Robin
  2118 | D:2      | Noticed Sigmund
  2125 | D:2      | Reached XP level 5. HP: 19/31 MP: 5/8
  2467 | D:2      | Killed from afar by Sigmund

Illustrated notes

Levels and vault maps discovered:
D:1:      noname_arrival_rooms_in_the_neighbourhood, layout_basic
D:2:      layout_rooms, uniq_sigmund, uniq_robin

Skill      XL: |  1  2  3  4 |
---------------+-------------+-----
Shields        | 2 |  2.8
Conjurations   | 1 |  1.6
Spellcasting   | 2 |  2.0
Throwing       | |  1.0
Stealth        | |  1.3
Unarmed Combat | |  1.0
Fire Magic     | |  4.4
Poison Magic   | |  0.9
Evocations     | |  1.1

Action                   |  1- 3 |  4- 6 || total
-------------------------+-------+-------++-------
Melee: Dagger            |    21 |       ||    21
       Constrict         |     5 |       ||     5
       Tentacles         |     5 |       ||     5
       Club              |       |     3 ||     3
 Cast: Foxfire           |    59 |    46 ||   105
Armor: Skin              |     2 |     1 ||     3
Dodge: Dodged            |    19 |     8 ||    27
Block: Buckler           |     5 |     1 ||     6
